 Seeded DCSS version 0.29-a0-876-gfc89b1a5bd (webtiles) character file.

Game seed: 8897551386731462229 (custom seed)

203 wilfster70 the Trooper (level 5, -1/34 HPs)
             Began as a Gargoyle Fighter on July 19, 2022.
             Slain by an orc wizard
             ... wielding a +0 dagger
              (3 damage)
             ... on level 3 of the Dungeon.
             The game lasted 00:06:05 (2533 turns).

wilfster70 the Trooper (Gargoyle Fighter)           Turns: 2533, Time: 00:06:06

Health: -1/34      AC: 20    Str: 20    XL:     5   Next: 81%
Magic:  5/5        EV:  5    Int: 10    God:
Gold:   269        SH:  0    Dex:  9    Spells: 4/4 levels left

rFire   . . .      SeeInvis .   a - +0 trident
rCold   . . .      Faith    .   c - +0 buckler
rNeg    + . .      Spirit   .   h - +0 plate armour
rPois   ∞          Reflect  .   (no helmet)
rElec   +          Harm     .   (no cloak)
rCorr   .          Rampage  .   g - +0 pair of gloves
Will    .....                   (no boots)
Stlth   ..........              p - amulet of the acrobat
HPRegen 0.11/turn               m - +4 ring of protection
MPRegen 0.09/turn               (no ring)

@: confused, studying 2 skills
A: sickness immunity, AC +4, negative energy resistance 1, electricity
resistance, torment resistance 1, petrification resistance
a: no special abilities


You were on level 3 of the Dungeon.
You visited 1 branch of the dungeon, and saw 3 of its levels.

You collected 269 gold pieces.

Inventory:

Hand Weapons
 a - a +0 trident (weapon)
Missiles
 f - 2 javelins (quivered)
Armour
 b - a +0 scale mail
 c - a +0 buckler (worn)
 g - a +0 pair of gloves (worn)
 h - a +0 plate armour (worn)
Jewellery
 m - a +4 ring of protection (left hand)
 p - an amulet of the acrobat (around neck)
 t - a ring of fire
Scrolls
 i - a scroll of enchant armour {unknown}
 j - 2 scrolls of poison
 k - a scroll of magic mapping {unknown}
 l - a scroll of vulnerability {unknown}
 n - a scroll of amnesia {unknown}
 o - 2 scrolls of blinking {unknown}
 q - 3 scrolls of teleportation
 s - a scroll of enchant weapon {unknown}
 v - a scroll of brand weapon {unknown}
Potions
 d - a potion of might
 e - 3 potions of curing
 r - a potion of flight {unknown}
 u - a potion of mutation


   Skills:
 + Level 4.7 Fighting
 - Level 1.7(3.1) Polearms
 * Level 4.3(4.5) Staves
 - Level 3.2 Armour
 - Level 3.2 Shields


You had 4 spell levels left.
You didn't know any spells.
Your spell library contained the following spells:

 Spells                   Type           Power      Damage    Failure   Level
 Apportation              Tloc           0%         N/A       100%        1
 Necrotise                Necr           0%         1d4       100%        1
 Summon Small Mammal      Summ           0%         N/A       100%        1
 Ensorcelled Hibernation  Hex/Ice        0%         N/A       100%        2
 Passwall                 Tmut/Erth      0%         N/A       100%        2
 Swiftness                Air            0%         N/A       100%        3


Dungeon Overview and Level Annotations

Branches:
Dungeon (3/15)

Altars:
Trog


Innate Abilities, Weirdness & Mutations

You are immune to sickness and miasma.
Your stone body is resilient. (AC +4)
You are immune to poison.
You resist negative energy. (rN+)
You are resistant to electric shocks. (rElec)
You are resistant to unholy torment.
You are immune to petrification.


Message History

Aim: an orc priest, wielding a +0 hand axe (lightly wounded, about 44% to evade your +0 trident)
Something you can't see is in the way.
You miss something. Something hits you.
Reach: a) +0 trident
Press: ? - help, Dir - move target, f/p - orc priest
Aim: an orc priest, wielding a +0 hand axe (lightly wounded, about 44% to evade your +0 trident)
You reach to attack!
You hit the orc priest but do no damage.
The orc priest is lightly wounded.
The orc throws a boomerang.
The boomerang hits you.
Something hits you but does no damage. x2
The orc priest calls upon Beogh to heal the orc.
The orc's wounds heal themselves!
The orc throws a boomerang.
The boomerang hits you but does no damage.
Reach: a) +0 trident
Press: ? - help, Dir - move target, f/p - orc priest
Aim: an orc priest, wielding a +0 hand axe (lightly wounded, about 44% to evade your +0 trident)
You reach to attack!
You puncture the orc priest!
The orc priest is severely wounded.
The orc priest begins to cast a cantrip, but forgets the words!
You hear some strange, mumbled words.
You are confused.
You bump into the rock wall.
Something hits you but does no damage.
You're too confused to aim your attacks!
Unknown command.
You closely miss something.
The orc throws a boomerang.
The boomerang hits you but does no damage.
An orc comes into view. It is wielding a +3 war axe.
Something hits you but does no damage.
The orc priest mumbles some strange prayers to Beogh against you.
Something writhes in agony!
You bump into the rock wall.
Something hits you but does no damage.
You're too confused to move!
The orc throws a boomerang.
The boomerang barely misses you.
The orc priest begins to cast a cantrip, but forgets the words!
You closely miss something.
The orc priest mumbles some strange prayers to Beogh against you.
Beogh smites you!
* * * LOW HITPOINT WARNING * * *
Something hits you.
You die...

#.._..)........##.###.
###....###........
....#
..#................
.###.
..............##### #
.##.#####.##..# ...
#.# ..... .#### ### #
#.# ..#### .....
#.##.##.# ..# .####
#...ooo@# ..#
####.#### ..# # ####
.... .... ####


You could see an orc priest and 2 orcs.

Vanquished Creatures
  7 gnolls
  6 adders
  A worm (D:2)
  A dart slug (D:1)
  9 orcs
  4 bats
  9 endoplasms
  2 giant cockroaches (D:2)
  2 goblins (D:2)
  6 hobgoblins
  4 jackals (D:1)
  6 kobolds
  5 ball pythons
  6 frilled lizards
68 creatures vanquished.

Vanquished Creatures (others)
  4 fungi (D:2)
  A plant (D:2)
5 creatures vanquished.

Grand Total: 73 creatures vanquished

Notes
Turn   | Place    | Note
-------+----------+-------------------------------------------
     0 | D:1      | wilfster70 the Gargoyle Fighter began the quest for the
                  | Orb.
     0 | D:1      | Reached XP level 1. HP: 14/14 MP: 1/1
    49 | D:1      | Reached skill level 1 in Staves
    66 | D:1      | Reached XP level 2. HP: 17/19 MP: 2/2
   148 | D:1      | Identified a scroll of acquirement
   148 | D:1      | Acquired a manual of Spellcasting
   684 | D:1      | Acquired a manual of Invocations
   754 | D:2      | Reached XP level 3. HP: 20/24 MP: 3/3
   868 | D:2      | Reached XP level 4. HP: 20/29 MP: 4/4
  1336 | D:2      | Found a faded altar of an unknown god.
  1852 | D:3      | Reached XP level 5. HP: 20/34 MP: 5/5
  2472 | D:3      | Found a bloodstained altar of Trog.
  2533 | D:3      | Slain by an orc wizard

Illustrated notes

Levels and vault maps discovered:
D:1:      lemuel_arrival_behind_the_door_large, layout_basic, minivault_24,
          dreamdust_wishing_well, moated_statue, minmay_hedge_maze
D:2:      layout_basic, dreamdust_ecumenical_altar_grove, eino_tiny_chamber,
          minmay_joined_circles
D:3:      layout_loops_ring, bloody_trog, mainiacjoe_overflow_tiny_flanked,
          minmay_fractal_squares_gapless_5

Skill      XL: |  1  2  3  4  5 |
---------------+----------------+-----
Staves         | 1 2 3 4 |  4.3
Fighting       | 4 |  4.7
Polearms       | |  1.7
Armour         | |  3.2
Shields        | |  3.2

Action                   |  1- 3 |  4- 6 || total
-------------------------+-------+-------++-------
Melee: Trident           |   116 |   178 ||   294
  Use: Scroll            |     2 |     5 ||     7
Armor: Scale mail        |    19 |       ||    19
       Plate armour      |    64 |   117 ||   181
Dodge: Dodged            |    36 |    63 ||    99
Block: Buckler           |    19 |    27 ||    46

Table legend: (Time is in decaauts)
 A = Elapsed time spent in this place.
 B = Non-inter-level travel time spent in this place.
 C = Inter-level travel time spent in this place.
 D = Time resting spent in this place.
 E = Time spent auto-exploring this place.
 F = Levels seen in this place.
 G = Mean time per level.
                   A        B        C        D        E       F      G
               +--------+--------+--------+--------+--------+-----+--------+
         Total |   2595 |   2557 |     38 |    533 |   1111 |   3 |  865.0 |
       Dungeon |   2595 |   2557 |     38 |    533 |   1111 |   3 |  865.0 |
               +--------+--------+--------+--------+--------+-----+--------+

Top non-repeatable levels by time:
     D:2: 1305 daAuts
     D:1: 713 daAuts
     D:3: 577 daAuts
